 Dungeon Crawl Stone Soup version 0.20-a0-1101-g1de9d76 (webtiles) character file.

301 lauthentik the Sneak (level 6, -5/42 HPs)
             Began as a Vampire Enchanter on May 4, 2017.
             Was an Initiate of Sif Muna.
             Slain by braks's ghost (7 damage)
             ... on level 3 of the Dungeon.
             The game lasted 00:10:02 (3068 turns).

lauthentik the Sneak (Vampire Enchanter)            Turns: 3068, Time: 00:10:03

Health: -5/42      AC:  4    Str:  7    XL:     6   Next: 14%
Magic:  4/10       EV: 13    Int: 20    God:    Sif Muna [......]
Gold:   130        SH:  0    Dex: 14    Spells: 5/11 levels left

rFire    . . .     SeeInvis +   a - +1 dagger
rCold    + . .     Gourm    .   (no shield)
rNeg     + + .     Faith    .   b - +0 robe
rPois    +         Spirit   .   j - +0 helmet
rElec    .         Reflect  .   (no cloak)
rCorr    .         Harm     .   f - +0 pair of gloves
MR       .....                  (no boots)
Stlth    ++++......             w - amulet of magic regeneration
Regen    0.1/turn               (no ring)
MPRegen  0.2/turn               (no ring)

@: regenerating slowly
A: fangs 3, see invisible, unbreathing
a: Bat Form, Renounce Religion


You were on level 3 of the Dungeon.
You worshipped Sif Muna.
Sif Muna was noncommittal.
You were very thirsty.

You visited 1 branch of the dungeon, and saw 3 of its levels.

You collected 130 gold pieces.

Inventory:

Hand Weapons
 a - a +1 dagger (weapon)
Missiles
 v - 3 javelins (quivered)
Armour
 b - a +0 robe (worn)
 f - a +0 pair of gloves (worn)
 j - a +0 helmet (worn)
Jewellery
 w - an amulet of magic regeneration (around neck)
Scrolls
 e - 2 scrolls of random uselessness {unknown}
 h - 2 scrolls of teleportation {unknown}
 i - a scroll of immolation {unknown}
 k - a scroll of remove curse {unknown}
 l - a scroll of blinking {unknown}
 n - 4 scrolls of identify {unknown}
 o - a scroll of enchant weapon {unknown}
 t - a scroll of amnesia {unknown}
 u - a scroll of noise {unknown}
Potions
 d - 16 potions of blood
 g - 2 potions of agility
 m - 2 potions of curing {unknown}
 p - a potion of invisibility {unknown}
 q - a potion of degeneration {unknown}
 r - 2 potions of lignification {unknown}
 s - a potion of brilliance {unknown}
Books
 c - a book of Maledictions

   Spells                             Type                      Level
   a - Corona                         Hexes                        1
   b - Ensorcelled Hibernation        Hexes/Ice                    2
   c - Confuse                        Hexes                        3
   d - Tukima's Dance                 Hexes                        3
   e - Dazzling Spray                 Conjuration/Hexes            3


   Skills:
 + Level 0.8 Fighting
 + Level 2.1 Short Blades
 + Level 3.2 Dodging
 + Level 7.1 Stealth
 + Level 3.0 Spellcasting
 + Level 5.7 Hexes
 + Level 1.4 Ice Magic


You had 5 spell levels left.
You knew the following spells:

 Your Spells              Type           Power        Failure   Level  Hunger
a - Ensorcelled Hibernat  Hex/Ice        ###...       4%          2    ##.....
b - Corona                Hex            ####...      1%          1    None
c - Confuse               Hex            ####....     4%          3    ###....


Dungeon Overview and Level Annotations

Branches:
Dungeon (3/15)

Altars:
Makhleb
Ru
Sif Muna

Annotations:
D:3 braks's ghost, amateur GnHu


Innate Abilities, Weirdness & Mutations

You heal slowly.
You have razor-sharp teeth.
You have supernaturally acute eyesight. (SInv)
You can survive without breathing.


Message History

Braks's ghost is moderately damaged.
Braks's ghost hits you!
* * * LOW HITPOINT WARNING * * *
You barely miss braks's ghost. You bite braks's ghost.
Braks's ghost is heavily damaged.
You are too injured to fight recklessly!
You catch the helpless braks's ghost completely off-guard!
You puncture braks's ghost!
Braks's ghost is severely damaged.
You hit braks's ghost. You bite braks's ghost.
Braks's ghost is almost destroyed.
Braks's ghost seems less confused.
Braks's ghost hits you!
* * * LOW HITPOINT WARNING * * *
Casting: Confuse
Confirm with . or Enter, or press ? or * to list all spells.
Aiming: Confuse
Press: ? - help, Shift-Dir - straight line, f/p - braks's ghost
Aim: braks's ghost (almost destroyed, chance to defeat MR: 44%) Braks's ghost resists with some effort.
Braks's ghost hits you!
You die...

.........## ##.# #.# #.###.##.#
#..# #.# #.# #.##.# ##.## #.# #.#
#.##.######...# #.# # ..#
#.##.........># #.# # .##
#.##.######...####.#### #
..###.##.#### ##..........# #
#...........####.#####.##.# #
......##.......W@.# #)##.# #
###########.####..# #.##.# #
.....†# #))####..####.##.##### #
(.....####....................# #
...Z.........###..####...#.##.###
......####...# #..# #.....##....
......# #...# #..# ##.#.#######
##########..## #..# #.#. ##.#
#.....## #..# #.#.


You could see braks's ghost.

Vanquished Creatures
  Sigmund (D:2)
  An orc priest (D:3)
  A gnoll (D:1)
  2 adders
  3 worms
  A dart slug (D:1)
  4 leopard geckos
  6 orcs (D:3)
  3 ball pythons
  2 giant cockroaches (D:1)
  7 goblins
  2 hobgoblins
  A jackal (D:3)
  A quokka (D:2)
  10 bats
  4 frilled lizards
  9 kobolds
  9 rats
67 creatures vanquished.

Notes
Turn   | Place    | Note
-------+----------+-------------------------------------------
     0 | D:1      | lauthentik the Vampire Enchanter began the quest for the Orb.
     0 | D:1      | Reached XP level 1. HP: 13/13 MP: 3/3
   151 | D:1      | Reached XP level 2. HP: 17/19 MP: 3/5
   158 | D:1      | Learned a level 2 spell: Ensorcelled Hibernation
   610 | D:1      | Reached skill level 5 in Stealth
   755 | D:1      | Reached XP level 3. HP: 24/24 MP: 3/6
   760 | D:1      | Learned a level 3 spell: Confuse
   841 | D:2      | Noticed Sigmund
   853 | D:2      | HP: 1/24 [Sigmund/puff of flame (10)]
  1326 | D:2      | Reached skill level 5 in Hexes
  1716 | D:2      | Killed Sigmund
  1716 | D:2      | Reached skill level 6 in Stealth
  1716 | D:2      | Reached skill level 1 in Ice Magic
  1716 | D:2      | Reached XP level 4. HP: 6/31 MP: 1/8
  1716 | D:2      | Reached XP level 5. HP: 7/36 MP: 1/9
  2319 | D:3      | Found a deep blue altar of Sif Muna.
  2334 | D:3      | Became a worshipper of Sif Muna the Loreminder
  2769 | D:3      | Reached skill level 7 in Stealth
  2769 | D:3      | Reached XP level 6. HP: 42/42 MP: 7/10
  2818 | D:3      | Noticed braks's ghost (amateur GnHu)
  2911 | D:3      | Found a burning altar of Makhleb.
  2911 | D:3      | Found a sacrificial altar of Ru.
  3067 | D:3      | HP: 2/42 [braks's ghost (8)]
  3068 | D:3      | Slain by braks's ghost

Vault maps used:
D:1:      dpeg_arrival_round_b, minivault_26, minmay_misc_feat_pillars,
          bh_walls_and_bars
D:2:      first_bread, uniq_sigmund
D:3:      lemuel_zombie_altar_yredelemnul, lemuel_crystal_altar,
          amethyst_overflow_temple_binary

Skill      XL: |  1  2  3  4  5 |
---------------+----------------+-----
Stealth        | 5 6 7 |  7.1
Hexes          | 5 |  5.7
Dodging        | 3 |  3.2
Spellcasting   | 3 |  3.0
Ice Magic      | 1 |  1.4
Short Blades   | 2 |  2.1
Fighting       | |  0.8

Action                   |  1- 3 |  4- 6 || total
-------------------------+-------+-------++-------
Melee: Dagger            |   116 |    71 ||   187
       Bite              |    12 |     7 ||    19
 Cast: Corona            |     3 |       ||     3
       Ensorcelled Hiber |    26 |    23 ||    49
       Confuse           |     2 |     3 ||     5
  Use: Potion            |     1 |       ||     1
 Stab: Sleeping          |    22 |    23 ||    45
       Distracted        |     3 |     1 ||     4
       Confused          |       |     2 ||     2
  Eat: Corpse            |     1 |     2 ||     3
Armor: Robe              |    15 |    13 ||    28
Dodge: Dodged            |    72 |    38 ||   110
